 Dungeon Crawl Stone Soup version 0.20-a0-1127-g1289703 (webtiles) character file.

841 AlphabetPasta the Vexing (level 7, -2/56 HPs)
             Began as a Centaur Enchanter on May 17, 2017.
             Slain by a centaur
             ... wielding a cursed -1 shortbow
              (4 damage)
             ... on level 5 of the Dungeon on May 18, 2017.
             The game lasted 00:29:30 (7478 turns).

AlphabetPasta the Vexing (Centaur Enchanter)        Turns: 7478, Time: 00:29:31

Health: -2/56      AC:  6    Str: 11    XL:     7   Next: 67%
Magic:  9/10       EV: 10    Int: 14    God:
Gold:   186        SH:  0    Dex: 11    Spells: 4/10 levels left

rFire    . . .     SeeInvis .   a - +1 dagger
rCold    . . .     Gourm    .   (no shield)
rNeg     . . .     Faith    .   b - +0 robe
rPois    .         Spirit   .   (no helmet)
rElec    .         Reflect  .   (no cloak)
rCorr    .         Harm     .   e - +1 pair of gloves
MR       .....                  (no barding)
Stlth    ++........             (no amulet)
Regen    0.2/turn               (no ring)
MPRegen  0.2/turn               (no ring)

@: very quick
A: hooves 3, deformed body, speed 2, tough skin 3
a: no special abilities


You were on level 5 of the Dungeon.
You were not hungry.

You visited 1 branch of the dungeon, and saw 5 of its levels.

You collected 186 gold pieces.

Inventory:

Hand Weapons
 a - a +1 dagger (weapon)
 r - a +0 shortbow
Missiles
 g - 118 arrows
Armour
 b - a +0 robe (worn)
 e - a +1 pair of gloves (worn)
 l - a +2 buckler
 o - a +2 large shield
Jewellery
 n - an uncursed amulet of magic regeneration {unknown}
Scrolls
 h - a scroll of enchant armour
 i - a scroll of remove curse
 k - a scroll of noise {unknown}
 m - a scroll of fog
 s - a scroll of fear
Potions
 f - a potion of might
 p - a potion of ambrosia {unknown}
 q - a potion of lignification {unknown}
Books
 c - a book of Maledictions

   Spells                             Type                      Level
   a - Corona                         Hexes                        1
   b - Ensorcelled Hibernation        Hexes/Ice                    2
   c - Confuse                        Hexes                        3
   d - Tukima's Dance                 Hexes                        3
   e - Dazzling Spray                 Conjuration/Hexes            3
Comestibles
 d - 4 bread rations
 j - a chunk of flesh
 t - a meat ration


   Skills:
 + Level 2.5 Fighting
 * Level 3.4 Short Blades
 + Level 0.3 Bows
 + Level 2.3 Dodging
 * Level 2.9 Stealth
 + Level 1.2 Shields
 + Level 2.4 Spellcasting
 * Level 4.4 Hexes
 + Level 1.9 Ice Magic


You had 4 spell levels left.
You knew the following spells:

 Your Spells              Type           Power        Failure   Level  Hunger
a - Corona                Hex            ##.....      3%          1    #......
b - Ensorcelled Hibernat  Hex/Ice        ##....       10%         2    ###....
c - Confuse               Hex            ##......     11%         3    ###....


Dungeon Overview and Level Annotations

Branches:
Dungeon (5/15)
 Temple: D:4-7

Altars:
Gozag
Hepliaklqana
Kikubaaqudgha
Makhleb
Nemelex Xobeh
Okawaru
Vehumet
Wu Jian
Yredelemnul
The Shining One

Annotations:
D:5 4 runed doors, TroubleDarcy's ghost, novice GrBe


Innate Abilities, Weirdness & Mutations

You have hooves in place of feet.
Armour fits poorly on your strangely shaped body.
You cover ground very quickly.
You have extremely tough skin. (AC +3)


Message History

The centaur hits you with an enchanted shortbow.
You hit the centaur but do no damage.
The centaur is almost dead.
The centaur hits you with an enchanted shortbow.
You barely miss the centaur.
The centaur is almost dead.
The centaur misses you.
You hit the centaur but do no damage. Your kick misses the centaur.
The centaur is almost dead.
The centaur hits you with an enchanted shortbow.
You barely miss the centaur.
The centaur is almost dead.
The centaur hits you with an enchanted shortbow!
* * * LOW HITPOINT WARNING * * *
You hit the centaur but do no damage.
The centaur is almost dead.
The centaur hits you with an enchanted shortbow.
* * * LOW HITPOINT WARNING * * *
The centaur hits you with an enchanted shortbow.
You die...

############
########.....[....##
##..............@...#
#..######..######c..#
..##....#### ##..#
..#.#.##.# #..#
..#.#[.### ## #..#
..#.###..# #.## #..#
..#.#)##)# ##.#.#..#
..##.#.### #...##..#
...###'# #+###...#


You could see a centaur.

Vanquished Creatures
  Sigmund (D:4)
  2 centaurs (D:5)
  2 crimson imps
  A hound (D:5)
  An orc priest (D:5)
  An orc wizard (D:5)
  Jessica (D:2)
  3 worker ants (D:4)
  A worker ant zombie (D:5)
  4 gnolls (D:3)
  11 adders
  2 shadow imps (D:5)
  2 oozes
  A worm (D:4)
  2 adder skeletons (D:5)
  2 dart slugs
  2 leopard geckos
  4 orcs
  8 bats
  3 giant cockroaches
  12 goblins
  8 hobgoblins
  6 jackals
  2 quokkas (D:3)
  5 frilled lizards
  13 kobolds
  7 rats
107 creatures vanquished.

Vanquished Creatures (others)
  An adder (D:3)
  An ooze (D:3)
  A worm (D:3)
3 creatures vanquished.

Grand Total: 110 creatures vanquished

Notes
Turn   | Place    | Note
-------+----------+-------------------------------------------
     0 | D:1      | AlphabetPasta the Centaur Enchanter began the quest for the Orb.
     0 | D:1      | Reached XP level 1. HP: 14/14 MP: 3/3
   479 | D:1      | Reached skill level 1 in Short Blades
   479 | D:1      | Reached XP level 2. HP: 20/20 MP: 2/4
   486 | D:1      | Learned a level 2 spell: Ensorcelled Hibernation
   870 | D:1      | Reached skill level 3 in Hexes
  1168 | D:2      | Reached XP level 3. HP: 27/27 MP: 5/5
  1301 | D:2      | Reached skill level 1 in Fighting
  1615 | D:2      | Noticed Jessica
  1699 | D:2      | Killed Jessica
  1699 | D:2      | Reached XP level 4. HP: 17/35 MP: 0/6
  1709 | D:2      | Learned a level 3 spell: Confuse
  1934 | D:2      | Found an opulent altar of Gozag.
  2153 | D:2      | Found an iron altar of Okawaru.
  2452 | D:3      | Found a hazy altar of Hepliaklqana.
  2503 | D:3      | Found a burning altar of Makhleb.
  2826 | D:3      | Found a glowing golden altar of the Shining One.
  3260 | D:3      | Reached XP level 5. HP: 20/40 MP: 1/8
  3750 | D:3      | Found a radiant altar of Vehumet.
  4224 | D:4      | Reached skill level 1 in Ice Magic
  4270 | D:4      | Noticed Sigmund
  4303 | D:4      | Killed Sigmund
  4303 | D:4      | Reached XP level 6. HP: 39/48 MP: 5/9
  5143 | D:4      | Found an ancient bone altar of Kikubaaqudgha.
  5387 | D:4      | Reached skill level 4 in Hexes
  5584 | D:4      | Found an ornate altar of the Wu Jian Council.
  5609 | D:4      | Found a basalt altar of Yredelemnul.
  5883 | D:5      | Entered Level 5 of the Dungeon
  6024 | D:5      | Reached XP level 7. HP: 45/55 MP: 0/10
  6111 | D:5      | Found a sparkling altar of Nemelex Xobeh.
  6151 | D:5      | Reached skill level 1 in Shields
  6463 | D:5      | Noticed TroubleDarcy's ghost (novice GrBe)
  6642 | D:5      | Found a large runed door.
  6642 | D:5      | Found a large runed door.
  6653 | D:5      | Found a large runed door.
  6653 | D:5      | Found a large runed door.
  7478 | D:5      | HP: 2/56 [centaur/enchanted shortbow (6)]
  7478 | D:5      | Slain by a centaur

Vault maps used:
D:1:      shiori_arrival_maze
D:2:      okawaru_trees_1, grunt_gozag_statues, uniq_jessica
D:3:      overflow_temple_1_default, fiery_altar_vehumet, tso_oasis_becter,
          nicolae_overflow_crystal_walls, first_bread, serial_bayou,
          serial_bayou_lake_a, serial_bayou_shore_b, serial_bayou_pond_e,
          serial_bayou_pond_a, serial_bayou_ford_a, serial_bayou_pond_a
D:4:      corexii_shack_village, kennysheep_mini, lemuel_round_altar,
          lemuel_coloured_pillars_altar, uniq_sigmund
D:5:      nemelex_altar_shiori, minmay_temple_entry_fiery,
          minmay_hollow_rounded_squares

Skill      XL: |  1  2  3  4  5  6  7 |
---------------+----------------------+-----
Short Blades   | 1 2 3 |  3.4
Hexes          | 3 4 |  4.4
Fighting       | 1 2 |  2.5
Stealth        | 2 |  2.9
Spellcasting   | 2 |  2.4
Ice Magic      | 1 |  1.9
Dodging        | 2 |  2.3
Shields        | 1 |  1.2
Bows           | |  0.3

Action                   |  1- 3 |  4- 6 |  7- 9 || total
-------------------------+-------+-------+-------++-------
Melee: Dagger            |    95 |   305 |   135 ||   535
       Kick              |    10 |    53 |    31 ||    94
 Cast: Corona            |    16 |     9 |     3 ||    28
       Ensorcelled Hiber |    12 |    33 |    20 ||    65
       Confuse           |       |     4 |     5 ||     9
  Use: Scroll            |     3 |     6 |       ||     9
       Potion            |     1 |     3 |     1 ||     5
 Stab: Sleeping          |     7 |    15 |     5 ||    27
  Eat: Chunk             |     3 |     8 |     2 ||    13
       Royal jelly       |       |     1 |       ||     1
       Meat ration       |       |     1 |     1 ||     2
Armor: Robe              |    22 |    88 |    26 ||   136
Dodge: Dodged            |    37 |   126 |    67 ||   230
